 Dungeon Crawl Stone Soup version 0.31-a0-1074-g0b22e4e0f1 (webtiles) character file.

Game seed: 15132644125241976369

8197 sammy202020 the Grappler (level 11, -6/98 HPs)
             Began as a Troll Shapeshifter on Nov 27, 2023.
             Was an Initiate of Gozag.
             Mangled by a water moccasin (7 damage)
             ... on level 11 of the Dungeon.
             The game lasted 00:17:48 (9123 turns).

sammy202020 the Grappler (Troll Shapeshifter)       Turns: 9123, Time: 00:17:50

Health: -6/98      AC: 11    Str: 23    XL:     11   Next: 6%
Magic:  10/10      EV: 11    Int:  9    God:    Gozag
Gold:   620        SH:  0    Dex: 13    Spells: 10/10 levels left

rFire   + .          .
                       - Unarmed
rCold   + . .        (shield currently unavailable)
rNeg    . . .        a - +0 steam dragon scales
rPois   +            k - +2 hat
rElec   .            e - +0 cloak
rCorr   .            (gloves unavailable)
SInv    .            (boots unavailable)
Will    .....        t - amulet of Vitality {RegenMP++ Regen++}
Stlth   +            o - ring of poison resistance
HPRegen 2.76/turn    y - ring of protection from fire
MPRegen 0.92/turn

%: clarity
@: lethally poisoned (-6 -> -6), about to teleport, flux-form, glowing
A: glow, contaminating, reduced essence, large, unfitting armour, claws 3,
regeneration 1, shaggy fur 1, tough skin 1, agile 1, clarity, cold resistance 1,
inability to drink after injury 1
a: Begin Untransformation, Renounce Religion, Potion Petition, Call Merchant,
Bribe Branch


You were on level 11 of the Dungeon.
You worshipped Gozag.
Gozag was pleased with you.
You were something dangerously unstable.
You visited 2 branches of the dungeon, and saw 12 of its levels.

You collected 821 gold pieces.
You paid 201 gold pieces to Gozag.

Inventory:

Hand Weapons
 q - the +9 staff of Olgreb {rPois∞}
   (You found it on level 6 of the Dungeon)

   Radiate:   It can be activated via the 'a'bility menu to radiate toxic
   energy, with effectiveness depending on Evocations skill.
   Pois:      It enhances your poison magic.
   rPois∞: It grants immunity to poison.
Missiles
 f - 2 throwing nets
Armour
 a - +0 steam dragon scales (worn)
 e - a +0 cloak (worn)
 k - a +2 hat (worn)
 m - a +1 robe of fire resistance
Jewellery
 o - a ring of poison resistance (left claw)
 t - the amulet of Vitality (around neck) {RegenMP++ Regen++}
   (You found it on level 4 of the Dungeon)

   [amulet of magic regeneration]

   RegenMP:   It increases your rate of magic regeneration.
   Regen++:   It increases your rate of health regeneration.
 v - an amulet of guardian spirit
 y - a ring of protection from fire (right claw)
Talismans
 c - a beast talisman
 d - a flux talisman (active)
Scrolls
 i - 2 scrolls of vulnerability
 l - 3 scrolls of immolation
 n - 3 scrolls of enchant weapon
 p - a scroll of revelation
 r - 3 scrolls of identify
 s - 3 scrolls of teleportation
 z - a scroll of brand weapon
 C - a scroll of fog
Potions
 b - a potion of lignification
 g - 3 potions of attraction
 h - 2 potions of berserk rage
 j - 4 potions of might
 u - 2 potions of enlightenment
 w - a potion of curing
 x - a potion of invisibility
 B - a potion of haste


   Skills:
 * Level 7.2 Fighting
 + Level 5.0 Armour
 + Level 5.1 Dodging
 * Level 9.2 Unarmed Combat
 * Level 8.5 Shapeshifting


You had 10 spell levels left.
You didn't know any spells.
Your spell library contained the following spells:

 Spells                   Type           Power      Damage    Failure   Level
 Blink                    Tloc           0%         N/A       52%         2
 Ensorcelled Hibernation  Hex/Ice        0%         N/A       52%         2
 Jinxbite                 Hex            0%         N/A       52%         2
 Sublimation of Blood     Necr           0%         N/A       52%         2
 Dazzling Flash           Conj/Hex       0%         N/A       77%         3
 Tukima's Dance           Hex            0%         N/A       77%         3
 Anguish                  Hex/Necr       0%         N/A       99%         4
 Petrify                  Tmut/Erth      0%         N/A       99%         4
 Vhi's Electric Charge    Tloc/Air       0%         N/A       99%         4
 Agony                    Necr           0%         N/A       100%        5
 Irradiate                Conj/Tmut      0%         3d11      100%        5
 Silence                  Hex/Air        0%         N/A       100%        5


Dungeon Overview and Level Annotations

Branches:
Dungeon (11/15)            Temple (1/1) D:6             Orc (0/2) D:9
   Lair: D:8-11

Altars:
Ashenzari
Cheibriados
Dithmenos
Elyvilon
Fedhas
Gozag
Hepliaklqana
Kikubaaqudgha
Makhleb
Nemelex Xobeh
Okawaru
Qazlal
Ru
Sif Muna
Trog
Uskayaw
Vehumet
Wu Jian
Xom
Yredelemnul
Zin
The Shining One

Shops:
D:3 =*=(   D:7 (

Annotations:
D:5 2 transporters, Lobster4's ghost, novice MfSh
D:11 Gastronok


Innate Abilities, Weirdness & Mutations

You are something dangerously unstable.
You glow with magical radiation, making you easy to see and hit.
Foes you strike become dangerously contaminated with magical radiation.
You are incapable of wielding weapons or throwing items.
Your life essence is reduced to manifest your ancestor. (-10% HP)
You are too large for most types of armour.
You have claws for hands.
Your natural rate of healing is unusually fast.
You are covered in fur. (AC +1)
You have tough skin. (AC +1)
You are agile. (Dex +4, Str/Int -1)
You possess an exceptional clarity of mind.
Your flesh is cold resistant. (rC+)
You occasionally lose the ability to drink potions when taking damage.


Message History

The two-headed ogre is heavily wounded.
The wyvern bites you!
The water moccasin bites you but does no damage.
The two-headed ogre hits you with a +0 giant club!
The two-headed ogre hits you but does no damage.
The water moccasin bites you.
You are poisoned.
The water moccasin poisons you!
The wyvern bites you but does no damage.
You scratch the two-headed ogre.
The two-headed ogre shudders as magic cascades through it!
The two-headed ogre twists and deforms.
The two-headed ogre is severely wounded.
You feel very sick. The water moccasin misses you.
The water moccasin bites you but does no damage.
The wyvern barely misses you.
As you read the scroll of teleportation, it crumbles to dust.
You feel strangely unstable.
You feel very sick. The water moccasin barely misses you.
The two-headed ogre hits you with a +0 giant club!
* * * LOW HITPOINT WARNING * * *
The two-headed ogre hits you but does no damage.
The water moccasin barely misses you. The wyvern closely misses you.
The water moccasin bites you.
* * * LOW HITPOINT WARNING * * *
You claw the two-headed ogre!
The two-headed ogre begins to glow.
The two-headed ogre is almost dead.
You feel sick. The wyvern bites you.
* * * LOW HITPOINT WARNING * * *
The water moccasin bites you but does no damage. x2
The wyvern bites you!
* * * LOW HITPOINT WARNING * * *
The two-headed ogre closely misses you.
The two-headed ogre hits you with a +0 dire flail.
* * * LOW HITPOINT WARNING * * *
The water moccasin bites you!
You die...
Your body crumbles into a pile of gold.

#...........
#Y..........
#...........
#...........
#.Y.........
.######s#####.....
......rY# ..
.....rSl#
......Sp#
######.O# #..#
#..# #..# #..#
#..# #..#


You could see a two-headed ogre (contam, misshapen), 3 yaks, 2 water moccasins,
a wyvern, a scorpion and 2 river rats.

Vanquished Creatures
  A two-headed ogre (D:10)
  2 kobold demonologists
  2 trolls (D:9)
  Grinder (D:6)
  A hornet (D:8)
  21 yaks
  A wyvern (D:11)
  A steam dragon (D:8)
  Grum (D:10)
  3 redbacks (D:6)
  3 water moccasins
  A black bear (D:5)
  An ice beast (D:3)
  3 orc warriors
  4 wolves (D:10)
  2 centaurs
  A phantom (D:6)
  2 kobold brigands
  4 bullfrogs
  2 gnoll sergeants
  Blork the orc (D:4)
  8 scorpions
  13 wights
  17 killer bees
  2 hounds (D:6)
  A jelly (D:5)
  4 orc priests
  An iron imp (D:5)
  2 sleepcaps
  2 iguanas (D:6)
  7 orc wizards
  12 adders
  7 gnolls
  3 shadow imps
  A white imp (D:8)
  5 dart slugs
  32 orcs
  4 endoplasms
  4 giant cockroaches
  7 goblins
  9 hobgoblins
  4 jackals
  25 kobolds
  2 quokkas
  6 ball pythons
  5 bats
  2 frilled lizards
  5 hobgoblin zombies (D:8)
  A kobold skeleton (D:8)
  A kobold zombie (D:8)
  An orc zombie (D:8)
  6 rats
  A spectral orc (D:10)
258 creatures vanquished.

Notes
Turn   | Place    | Note
-------+----------+-------------------------------------------
     0 | D:1      | sammy202020 the Troll Shapeshifter began the quest for the
                  | Orb.
     0 | D:1      | Reached XP level 1. HP: 18/18 MP: 0/0
    69 | D:1      | Reached skill level 1 in Fighting
   110 | D:1      | Reached XP level 2. HP: 27/27 MP: 1/1
   375 | D:1      | Reached XP level 3. HP: 33/33 MP: 2/2
   410 | D:1      | Got the Disquisition on Maledictive Relocation
   707 | D:2      | Found a shadowy altar of Dithmenos.
  1412 | D:3      | Found Zojobimm's Magic Scroll Emporium.
  1492 | D:3      | Reached XP level 4. HP: 28/41 MP: 3/3
  1661 | D:3      | Found Conu Piu's Jewellery Shoppe.
  1777 | D:3      | Reached skill level 1 in Armour
  1802 | D:3      | Found a glowing silver altar of Zin.
  1825 | D:3      | Found Bujuuc's Weapon Emporium.
  1860 | D:3      | Found Fethreakk's Assorted Antiques.
  1965 | D:3      | Noticed an ice beast
  1980 | D:3      | Killed an ice beast
  1981 | D:3      | Reached skill level 4 in Unarmed Combat
  1981 | D:3      | Reached XP level 5. HP: 30/49 MP: 4/4
  2120 | D:3      | Found Ciurycwa's Jewellery Emporium.
  2505 | D:4      | Noticed Blork the orc
  2515 | D:4      | Killed Blork the orc
  2516 | D:4      | Reached XP level 6. HP: 18/59 MP: 5/5
  2584 | D:4      | Found the amulet of Vitality {RegenMP++ Regen++}
  3071 | D:5      | Entered Level 5 of the Dungeon
  3373 | D:5      | Found a transporter.
  3374 | D:5      | Noticed Lobster4's ghost (novice MfSh)
  3376 | D:5      | Identified the +8 giant spiked club of Xom's Castigation
                  | {elec, rN+ Str-5 Dex+5 Stlth+}
  3380 | D:5      | Found a transporter.
  3545 | D:5      | Noticed a water moccasin
  3551 | D:5      | Killed a water moccasin
  3552 | D:5      | Reached XP level 7. HP: 49/66 MP: 6/6
  3572 | D:5      | Found a snail-covered altar of Cheibriados.
  3738 | D:5      | Reached skill level 5 in Unarmed Combat
  3871 | D:5      | Reached skill level 5 in Shapeshifting
  4098 | D:6      | Found a shadowy altar of Dithmenos.
  4133 | D:6      | Reached XP level 8. HP: 63/78 MP: 7/7
  4333 | D:6      | Found a staircase to the Ecumenical Temple.
  4348 | D:6      | Found a shimmering altar of Xom.
  4368 | D:6      | Found the +9 staff of Olgreb {rPois∞}
  4395 | D:6      | Found a runed translucent gate.
  4395 | D:6      | Found a runed translucent gate.
  4452 | D:6      | Noticed Grinder
  4469 | D:6      | Paralysed by Grinder for 5 turns
  4479 | D:6      | Killed Grinder
  4480 | D:6      | Reached skill level 6 in Unarmed Combat
  4567 | D:6      | Found a runed translucent gate.
  4569 | D:6      | Found a runed translucent door.
  4569 | D:6      | Found a runed translucent door.
  4631 | D:6      | Found a hide-covered altar of Uskayaw.
  5085 | D:6      | HP: 2/70 [redback (9)]
  5098 | D:6      | Reached XP level 9. HP: 23/87 MP: 8/8
  5107 | D:6      | Reached skill level 5 in Fighting
  5135 | D:6      | Reached skill level 7 in Unarmed Combat
  5425 | D:7      | Found a sacrificial altar of Ru.
  5677 | D:7      | Found a hazy altar of Hepliaklqana.
  5998 | D:7      | Found Ipruschuh's Antique Weapon Shop.
  6285 | D:8      | HP: 3/83 [killer bee (3)]
  6460 | D:8      | Found a radiant altar of Vehumet.
  6466 | D:8      | Noticed a kobold demonologist
  6549 | D:8      | Noticed a red devil
  6550 | D:8      | Noticed a red devil
  6551 | D:8      | Killed a kobold demonologist
  6552 | D:8      | Reached XP level 10. HP: 82/98 MP: 9/9
  6637 | D:8      | Reached skill level 8 in Unarmed Combat
  6804 | Temple   | Entered the Ecumenical Temple
  7016 | D:7      | Became a worshipper of Hepliaklqana the Forgotten
  7084 | D:8      | Found a glowing golden altar of the Shining One.
  7568 | D:9      | Reached skill level 5 in Dodging
  7610 | D:9      | Found a staircase to the Orcish Mines.
  7624 | D:9      | Reached skill level 9 in Unarmed Combat
  7705 | D:9      | Reached * piety under Hepliaklqana
  8137 | D:9      | Gained mutation: You possess an exceptional clarity of
                  | mind. [potion of mutation]
  8137 | D:9      | Gained mutation: Your flesh is cold resistant. (rC+)
                  | [potion of mutation]
  8137 | D:9      | Gained mutation: You occasionally lose the ability to drink
                  | potions when taking damage. [potion of mutation]
  8137 | D:9      | Gained mutation: You are agile. (Dex +4, Str/Int -1)
                  | [potion of mutation]
  8149 | D:10     | Entered Level 10 of the Dungeon
  8172 | D:10     | Reached skill level 5 in Armour
  8172 | D:10     | Reached XP level 11. HP: 52/98 MP: 10/10
  8222 | D:10     | Found an opulent altar of Gozag.
  8235 | D:10     | Fell from the grace of Hepliaklqana
  8235 | D:10     | Became a worshipper of Gozag Ym Sagoz the Greedy
  8259 | D:10     | Noticed Grum
  8287 | D:10     | Killed Grum
  8331 | D:10     | Found a burning altar of Makhleb.
  8448 | D:10     | Found a basalt altar of Yredelemnul.
  8684 | D:10     | Noticed a two-headed ogre
  8693 | D:10     | Killed a two-headed ogre
  9091 | D:11     | Noticed Gastronok
  9115 | D:11     | Noticed a two-headed ogre
  9123 | D:11     | HP: 1/98 [two-headed ogre/+0 giant club (4)]
  9123 | D:11     | Mangled by a water moccasin

Illustrated notes

Levels and vault maps discovered:
D:1:      minmay_arrival_loop, layout_loops_ring, st_stairs_3,
          nicolae_houndstooth_variations
D:2:      layout_loops_ring, basic_altar
D:3:      layout_loops_cross, mainiacjoe_overflow_chevrons, serial_shops,
          nicolae_shop_advertising_works [nicolae_subvault_shop_adworks], shop,
          shop, nicolae_shop_real_fake_doors, nicolae_shop_crystal,
          chequers_avenue
D:4:      layout_layer_cave, small_statue_intersection, uniq_blork_the_orc
D:5:      nicolae_BIG_FREAKIN_CUBE, layout_layer_cave, slow_altar_1,
          gammafunk_ghost_smash
D:6:      layout_basic, xom_teletrap_fun, mainiacjoe_overflow_catwalk_spiral,
          minmay_temple_entry_antechambers, chequers_arboretum,
          minmay_guarded_unrand_staff_of_olgreb, uniq_grinder
D:7:      layout_basic, mainiacjoe_overflow_tiny_flanked,
          nicolae_hepliaklqana_hazy_memory, serial_shops,
          nicolae_shop_pleasant_corner_grove
D:8:      layout_gridville, vehumet_crystals, nicolae_tso_besieged_by_evil,
          nicolae_wwwww
D:9:      layout_basic, orc_david_3
D:10:     layout_roguey, lightli_temple_of_fire, amcnicky_altar_gilded,
          yredelemnul_forgotten_temple_becter, uniq_grum
D:11:     layout_long_grid, minmay_lair_entry_grove, amcnicky_mini_pool_small,
          uniq_gastronok
Temple:   nicolae_temple_bog_church

Skill      XL: |  1  2  3  4  5  6  7  8  9 10 |
---------------+-------------------------------+-----
Fighting       | 1 2 3 4 6 7 |  7.2
Armour         | 1 2 3 4 5 |  5.0
Dodging        | 2 3 4 5 |  5.1
Unarmed Combat | 4 5 6 7 9 |  9.2
Shapeshifting  | 4 5 6 7 8 |  8.5

Action                     |  1- 3 |  4- 6 |  7- 9 | 10-12 || total
---------------------------+-------+-------+-------+-------++-------
  Melee: Unarmed           |    90 |    94 |   349 |   306 ||   839
         Punch             |     1 |     1 |       |       ||     2
    Use: Scroll            |     8 |     4 |     6 |     7 ||    25
         Potion            |       |     1 |     3 |     1 ||     5
   Stab: Sleeping          |     1 |       |       |       ||     1
 Armour: Animal skin       |    62 |    63 |   232 |       ||   357
         Robe              |       |       |    57 |       ||    57
         Steam dragon scal |       |       |     4 |   265 ||   269
  Dodge: Dodged            |    34 |    38 |   198 |   187 ||   457
   Form: Flux              |       |     1 |       |       ||     1

Table legend: (Time is in decaauts)
 A = Elapsed time spent in this place.
 B = Non-inter-level travel time spent in this place.
 C = Inter-level travel time spent in this place.
 D = Time resting spent in this place.
 E = Time spent auto-exploring this place.
 F = Levels seen in this place.
 G = Mean time per level.
                   A        B        C        D        E       F      G
               +--------+--------+--------+--------+--------+-----+--------+
         Total |   9019 |   8685 |    334 |    264 |   6337 |  12 |  751.6 |
       Dungeon |   8943 |   8609 |    334 |    264 |   6337 |  11 |  813.0 |
        Temple |     75 |     75 |      0 |      0 |      0 |   1 |   75.0 |
               +--------+--------+--------+--------+--------+-----+--------+

Top non-repeatable levels by time:
     D:6: 1226 daAuts
     D:7: 1038 daAuts
     D:8: 1029 daAuts
     D:5: 1020 daAuts
    D:10: 915 daAuts
     D:3: 882 daAuts
     D:4: 773 daAuts
     D:2: 702 daAuts
     D:1: 701 daAuts
     D:9: 618 daAuts
  Temple: 75 daAuts
    D:11: 35 daAuts
